Devils vs Bruins

Created - January 12, 2022 at 19:18

Goals
1 2 3 T
Devils 1 0 1 2
Bruins 1 2 0 3
Shots
1 2 3 T
Devils 16 11 7 34
Bruins 9 17 13 39

1st period

1. Bruins , Kris Chucko 1 (Wojtek Wolski 7) at 2:09
2. Devils , Tyler Ennis 5 (Nazem Kadri 9) at 4:33

Penalties :
Zack Kassian (Bos) for Cross-checking (Minor) at 10:27

2nd period

3. Bruins , Andrei Kostitsyn 4 (Matt Read 5, Casey Cizikas 7) at 3:30
4. Bruins , Wojtek Wolski 9 (Zack Kassian 8, Jonathan Toews 19) at 13:32

Penalties :
Anton Stralman (N.J) for Roughing (Minor) at 17:43

3rd period

5. Devils , Zach Parise 2 (Kristopher Letang 5, Brian McGrattan 2) at 14:29

Penalties :
Marian Gaborik (N.J) for Roughing (Minor) at 8:54, Zach Parise (N.J) for Interference (Minor) at 15:06

Goalie Stats

Maxime Daigneault (N.J), 36 saves from 39 shots - (0.923), L, 5-8-0, 60:00 minutes
Kevin Poulin (Bos), 32 saves from 34 shots - (0.941), W, 8-6-0, 60:00 minutes

Players Stats for Devils

Player Name              G  A  P  +/- PIM S  H  SB GA TA FO     MP     PP MP  PK MP  
------------------------------------------------------------------------------------
Aleksander Barkov        0  0  0  -1  0   2  0  1  0  1  8/21   16:00   0:21   0:56 
Anton Lander             0  0  0   0  0   2  2  0  0  1  1/2     8:17   0:00   0:51 
Anton Stralman           0  0  0   0  2   0  1  0  1  2  0/0    24:04   1:38   2:07 
Brian McGrattan          0  1  1  -1  0   0  0  0  0  0  0/0    14:26   0:00   0:46 
Chris Stewart            0  0  0   1  0   1  0  0  0  2  0/0    16:32   0:21   0:00 
Eric Tangradi            0  0  0   0  0   1  3  0  1  0  0/0     8:40   0:00   1:37 
Jamie Arniel             0  0  0  -1  0   3  1  0  2  0  7/20   16:12   0:00   3:30 
Jonathan Huberdeau       0  0  0  -1  0   2  0  0  0  0  0/0    15:47   0:21   0:17 
Kristopher Letang        0  1  1   0  0   2  2  2  0  1  0/0    23:47   1:38   1:28 
Marian Gaborik           0  0  0  -1  2   3  1  0  0  0  1/1    16:49   1:38   0:00 
Mark Fistric             0  0  0   0  0   1  1  4  0  1  0/0    20:45   0:00   3:35 
Matt Donovan             0  0  0  -1  0   1  0  0  0  0  0/0    16:15   0:00   2:22 
Michael Del Zotto        0  0  0   0  0   1  2  6  0  1  0/0    21:45   0:21   2:22 
Miikka Salomaki          0  0  0   0  0   0  0  0  0  0  0/0     6:55   0:00   0:00 
Nazem Kadri              0  1  1   1  0   4  1  0  0  0  9/21   18:59   1:38   0:00 
Thomas Hickey            0  0  0  -1  0   0  0  1  0  1  0/0    13:23   0:21   0:00 
Tyler Ennis              1  0  1   1  0   7  2  0  1  0  2/3    20:30   1:38   1:31 
Zach Parise              1  0  1  -1  2   4  2  0  2  0  0/0    14:54   0:00   2:26 

Players Stats for Bruins

Player Name              G  A  P  +/- PIM S  H  SB GA TA FO     MP     PP MP  PK MP  
------------------------------------------------------------------------------------
Adam Pelech              0  0  0   0  0   0  0  0  0  0  0/0     3:47   0:00   0:00 
Alex Petrovic            0  0  0   1  0   0  0  0  0  0  0/0    12:59   0:00   0:00 
Andrei Kostitsyn         1  0  1   1  0   2  3  0  0  0  0/0    13:47   0:00   0:12 
Brendan Smith            0  0  0  -1  0   1  3  1  0  1  0/0    24:29   3:25   1:38 
Casey Cizikas            0  1  1   1  0   3  0  0  1  0  5/6    14:11   0:00   1:26 
Jason Demers             0  0  0  -1  0   0  1  1  0  4  0/0    27:15   3:25   1:38 
Jonathan Toews           0  1  1  -1  0   5  1  0  0  1  22/35  21:08   3:18   0:21 
Josh Manson              0  0  0   1  0   1  0  1  0  0  0/0    14:00   0:00   0:00 
Kevin Hayes              0  0  0   0  0   5  2  0  0  0  8/13   18:46   2:39   0:00 
Kris Chucko              1  0  1   1  0   1  1  0  2  0  0/0     6:03   0:00   0:00 
Madison Bowey            0  0  0   1  0   1  0  2  0  0  0/0    18:45   2:32   0:21 
Matt Read                0  1  1   1  0   5  3  1  1  0  0/1    13:10   0:00   0:00 
Mikael Backlund          0  0  0   1  0   0  0  0  0  0  0/1     5:43   0:00   0:00 
Scott Hartnell           0  0  0   0  0   2  2  0  0  0  0/1    19:08   2:39   0:21 
Torey Krug               0  0  0   1  0   1  2  0  1  0  0/0    18:45   2:32   0:21 
Victor Oreskovich        0  0  0   0  0   2  1  0  1  0  1/2    18:47   2:39   0:00 
Wojtek Wolski            1  1  2   0  0   6  3  1  2  0  2/7    26:31   3:18   1:38 
Zack Kassian             0  1  1  -1  2   4  0  1  2  1  2/2    20:46   3:18   0:00 

3 Stars

1 - Wojtek Wolski (Bos)
2 - Andrei Kostitsyn (Bos)
3 - Kevin Poulin (Bos)

Power Play

Devils - 0 on 1 Attempt(s) - 0.00%
Bruins - 0 on 3 Attempt(s) - 0.00%

Penalty Kill

Devils - 3 on 3 Attempt(s) - 100.00% - Score 0 goal in Penalty Kill
Bruins - 1 on 1 Attempt(s) - 100.00% - Score 0 goal in Penalty Kill

Team Stat

Devils - Hits : 18 - Faceoff Wins : 28 - Blocked Shots : 14 - Penalty Minutes : 6
Bruins - Hits : 22 - Faceoff Wins : 40 - Blocked Shots : 8 - Penalty Minutes : 2

Official

Referees : Furman South and Ian Walsh
Linesman : Brian Mach and Trent Knorr

Game Notes

No Game Note

Finance

Level 1 -- Attendance: 6000 (100.00%) -- Ticket Income $600,000
Level 2 -- Attendance: 5000 (100.00%) -- Ticket Income $300,000
Level 3 -- Attendance: 2000 (100.00%) -- Ticket Income $70,000
Level 4 -- Attendance: 3885 (97.13%) -- Ticket Income $97,125
Luxury Box -- Attendance: 1000 (100.00%) -- Ticket Income $200,000
Game was played at the TD Garden.
Total Attendance: 17885 (99.36%)
Total Ticket Income: $1,267,125
Other Income: $190,069
Total Income: $1,457,194

Devils

5 vs 5 Forward 
   Center                   Left Wing                Right Wing               Time % Phy DF OF 
 1 Nazem Kadri              Tyler Ennis              Chris Stewart            32     0   2  3  
 2 Aleksander Barkov        Jonathan Huberdeau       Marian Gaborik           30     0   2  3  
 3 Jamie Arniel             Zach Parise              Brian McGrattan          26     0   2  3  
 4 Anton Lander             Eric Tangradi            Miikka Salomaki          12     0   2  3  

5 vs 5 Defense 
   Defense                  Defense                                           Time % Phy DF OF 
 1 Anton Stralman           Kristopher Letang                                 40     0   3  2  
 2 Michael Del Zotto        Mark Fistric                                      35     0   3  2  
 3 Matt Donovan             Thomas Hickey                                     25     0   3  2  
 4 Anton Stralman           Kristopher Letang                                 0      1   2  2  

PowerPlay Forward 
   Center                   Left Wing                Right Wing               Time % Phy DF OF 
 1 Nazem Kadri              Tyler Ennis              Marian Gaborik           60     0   1  4  
 2 Aleksander Barkov        Jonathan Huberdeau       Chris Stewart            40     0   1  4  

PowerPlay Defense
   Defense                  Defense                                           Time % Phy DF OF 
 1 Anton Stralman           Kristopher Letang                                 60     0   2  3  
 2 Michael Del Zotto        Thomas Hickey                                     40     0   2  3  

Penalty Kill 4 Players Forward 
   Center                   Wing                     Time % Phy DF OF 
 1 Jamie Arniel             Zach Parise              60     1   4  0  
 2 Anton Lander             Brian McGrattan          40     1   4  0  

Penalty Kill 4 Players Defense
   Defense                  Defense                  Time % Phy DF OF 
 1 Anton Stralman           Mark Fistric             60     1   4  0  
 2 Michael Del Zotto        Matt Donovan             40     1   4  0  

Penalty Kill - 3 Players Forward 
   Forward                                           Time % Phy DF OF 
 1 Tyler Ennis                                       60     0   4  1  
 2 Jamie Arniel                                      40     0   4  1  

Penalty Kill - 3 Players Defense
   Defense                  Defense                  Time % Phy DF OF 
 1 Anton Stralman           Kristopher Letang        60     1   4  0  
 2 Michael Del Zotto        Mark Fistric             40     1   4  0  

4 vs 4 Forward 
   Center                   Wing                     Time % Phy DF OF 
 1 Nazem Kadri              Tyler Ennis              60     0   2  3  
 2 Jamie Arniel             Zach Parise              40     0   2  3  

4 vs 4 Defense
   Defense                  Defense                  Time % Phy DF OF 
 1 Anton Stralman           Kristopher Letang        60     0   3  2  
 2 Michael Del Zotto        Mark Fistric             40     0   3  2  

Last Minutes Offensive
   Center                   Left Wing                Right Wing               Defense                  Defense                  
   Nazem Kadri              Tyler Ennis              Marian Gaborik           Michael Del Zotto        Kristopher Letang        

Last Minutes Defensive
   Center                   Left Wing                Right Wing               Defense                  Defense                  
   Jamie Arniel             Zach Parise              Brian McGrattan          Anton Stralman           Mark Fistric             

Goaltenders
Starting : Maxime Daigneault        
Backup : Thomas McCollum          

Extra Forwards
Normal : Aleksander Barkov, Jonathan Huberdeau, Jamie Arniel - PP : Zach Parise, Jamie Arniel - PK : Tyler Ennis
Extra Defensemen
Normal : Thomas Hickey, Matt Donovan, Mark Fistric - PP : Anton Stralman - PK : Kristopher Letang, Matt Donovan
Penalty Shots
Nazem Kadri, Tyler Ennis, Marian Gaborik, Chris Stewart, Jamie Arniel

Scratches
Mike Weber (Healthy)

Bruins

5 vs 5 Forward 
   Center                   Left Wing                Right Wing               Time % Phy DF OF 
 1 Jonathan Toews           Wojtek Wolski            Zack Kassian             40     1   2  2  
 2 Kevin Hayes              Scott Hartnell           Victor Oreskovich        30     1   2  2  
 3 Casey Cizikas            Andrei Kostitsyn         Matt Read                20     1   2  2  
 4 Mikael Backlund          Kris Chucko              Wojtek Wolski            10     1   2  2  

5 vs 5 Defense 
   Defense                  Defense                                           Time % Phy DF OF 
 1 Jason Demers             Brendan Smith                                     40     1   2  2  
 2 Torey Krug               Madison Bowey                                     30     1   2  2  
 3 Josh Manson              Alex Petrovic                                     20     1   2  2  
 4 Adam Pelech              Jason Demers                                      10     1   2  2  

PowerPlay Forward 
   Center                   Left Wing                Right Wing               Time % Phy DF OF 
 1 Jonathan Toews           Wojtek Wolski            Zack Kassian             60     1   2  2  
 2 Kevin Hayes              Scott Hartnell           Victor Oreskovich        40     1   2  2  

PowerPlay Defense
   Defense                  Defense                                           Time % Phy DF OF 
 1 Jason Demers             Brendan Smith                                     60     1   2  2  
 2 Torey Krug               Madison Bowey                                     40     1   2  2  

Penalty Kill 4 Players Forward 
   Center                   Wing                     Time % Phy DF OF 
 1 Wojtek Wolski            Zack Kassian             60     1   2  2  
 2 Jonathan Toews           Scott Hartnell           40     1   2  2  

Penalty Kill 4 Players Defense
   Defense                  Defense                  Time % Phy DF OF 
 1 Jason Demers             Brendan Smith            60     1   2  2  
 2 Torey Krug               Madison Bowey            40     1   2  2  

Penalty Kill - 3 Players Forward 
   Forward                                           Time % Phy DF OF 
 1 Wojtek Wolski                                     60     1   2  2  
 2 Zack Kassian                                      40     1   2  2  

Penalty Kill - 3 Players Defense
   Defense                  Defense                  Time % Phy DF OF 
 1 Jason Demers             Brendan Smith            60     1   2  2  
 2 Torey Krug               Madison Bowey            40     1   2  2  

4 vs 4 Forward 
   Center                   Wing                     Time % Phy DF OF 
 1 Wojtek Wolski            Zack Kassian             60     1   2  2  
 2 Jonathan Toews           Scott Hartnell           40     1   2  2  

4 vs 4 Defense
   Defense                  Defense                  Time % Phy DF OF 
 1 Jason Demers             Brendan Smith            60     1   2  2  
 2 Torey Krug               Madison Bowey            40     1   2  2  

Last Minutes Offensive
   Center                   Left Wing                Right Wing               Defense                  Defense                  
   Jonathan Toews           Wojtek Wolski            Zack Kassian             Jason Demers             Brendan Smith            

Last Minutes Defensive
   Center                   Left Wing                Right Wing               Defense                  Defense                  
   Jonathan Toews           Wojtek Wolski            Zack Kassian             Jason Demers             Brendan Smith            

Goaltenders
Starting : Kevin Poulin             
Backup : Antti Niemi              

Extra Forwards
Normal : Andrei Kostitsyn, Matt Read, Casey Cizikas - PP : Andrei Kostitsyn, Matt Read - PK : Casey Cizikas
Extra Defensemen
Normal : Josh Manson, Alex Petrovic, Adam Pelech - PP : Josh Manson - PK : Alex Petrovic, Adam Pelech
Penalty Shots
Wojtek Wolski, Zack Kassian, Jonathan Toews, Scott Hartnell, Kevin Hayes

Scratches
None


% Time on Ice - Devils

Lines # - Real PCT - Wanted PCT - Time Play
Normal Forward
1 - 32% - 32% - 16:18
2 - 30% - 30% - 15:18
3 - 24% - 26% - 12:23
4 - 14% - 12% - 6:55
Normal Defense
1 - 40% - 40% - 20:27
2 - 35% - 35% - 18:02
3 - 24% - 25% - 12:25
4 - 0% - 0% - 0:00
PP Forward
1 - 82% - 60% - 1:38
2 - 18% - 40% - 0:21
PP Defense
1 - 82% - 60% - 1:38
2 - 18% - 40% - 0:21
PK Forward
1 - 87% - 60% - 5:11
2 - 13% - 40% - 0:46
PK Defense
1 - 60% - 60% - 3:35
2 - 40% - 40% - 2:22
PK3 Forward
1 - 0% - 60%
2 - 0% - 40%
PK3 Defense
1 - 0% - 60%
2 - 0% - 40%
44 Forward
1 - 0% - 60%
2 - 0% - 40%
44 Defense
1 - 0% - 60%
2 - 0% - 40%
Last Minute Offensive  - 1:10
Last Minute Defensive  - 0:00
Total
Forward - 60:00
Defense - 60:00

% Time on Ice - Bruins

Lines # - Real PCT - Wanted PCT - Time Play
Normal Forward
1 - 31% - 40% - 15:55
2 - 34% - 30% - 17:07
3 - 24% - 20% - 12:06
4 - 11% - 10% - 5:43
Normal Defense
1 - 36% - 40% - 18:25
2 - 31% - 30% - 15:40
3 - 26% - 20% - 12:59
4 - 7% - 10% - 3:47
PP Forward
1 - 55% - 60% - 3:18
2 - 45% - 40% - 2:39
PP Defense
1 - 57% - 60% - 3:25
2 - 43% - 40% - 2:32
PK Forward
1 - 82% - 60% - 1:38
2 - 18% - 40% - 0:21
PK Defense
1 - 82% - 60% - 1:38
2 - 18% - 40% - 0:21
PK3 Forward
1 - 0% - 60%
2 - 0% - 40%
PK3 Defense
1 - 0% - 60%
2 - 0% - 40%
44 Forward
1 - 0% - 60%
2 - 0% - 40%
44 Defense
1 - 0% - 60%
2 - 0% - 40%
Last Minute Offensive  - 0:00
Last Minute Defensive  - 1:13
Total
Forward - 60:00
Defense - 60:00

Play-by-Play

1st period


0:01 of 1st period - Jonathan Toews wins face-off versus Nazem Kadri in neutral zone.
0:26 of 1st period - Scott Hartnell is hit by Kristopher Letang and loses puck.
0:35 of 1st period - Slapshot by Aleksander Barkov.
0:35 of 1st period - Shot Misses the Net.
0:37 of 1st period - Slapshot by Michael Del Zotto.
0:37 of 1st period - Deflect By Aleksander Barkov.
0:37 of 1st period - Stopped by Kevin Poulin without a rebound.
0:38 of 1st period - Casey Cizikas wins face-off versus Jamie Arniel in Bruins zone.
1:03 of 1st period - Michael Del Zotto is hit by Wojtek Wolski.
1:33 of 1st period - Slapshot by Nazem Kadri.
1:33 of 1st period - Shot Misses the Net.
1:49 of 1st period - Aleksander Barkov is hit by Kris Chucko and loses puck.
2:09 of 1st period - Wrist shot by Kris Chucko.
2:09 of 1st period - Goal by Kris Chucko - Devils : 0 - Bruins : 1.
2:10 of 1st period - Kevin Hayes wins face-off versus Jamie Arniel in neutral zone.
2:15 of 1st period - Slapshot by Kevin Hayes.
2:15 of 1st period - Stopped by Maxime Daigneault with a rebound.
2:27 of 1st period - Kevin Hayes is hit by Michael Del Zotto.
3:01 of 1st period - Snap shot by Jonathan Toews.
3:01 of 1st period - Stopped by Maxime Daigneault with a rebound.
3:27 of 1st period - Brendan Smith is hit by Eric Tangradi and loses puck.
3:40 of 1st period - Icing by Brian McGrattan.
3:41 of 1st period - Jonathan Toews wins face-off versus Jamie Arniel in Devils zone.
3:48 of 1st period - Jonathan Toews is hit by Zach Parise and loses puck.
4:18 of 1st period - Snap shot by Zach Parise.
4:18 of 1st period - Stopped by Kevin Poulin with a rebound.
4:20 of 1st period - Slapshot by Mark Fistric.
4:20 of 1st period - Stopped by Kevin Poulin with a rebound.
4:22 of 1st period - Snap shot by Jamie Arniel.
4:22 of 1st period - Stopped by Kevin Poulin with a rebound.
4:31 of 1st period - Icing by Jonathan Toews.
4:32 of 1st period - Nazem Kadri wins face-off versus Jonathan Toews in Bruins zone.
4:33 of 1st period - Slapshot by Tyler Ennis.
4:33 of 1st period - Goal by Tyler Ennis - Devils : 1 - Bruins : 1.
4:34 of 1st period - Kevin Hayes wins face-off versus Nazem Kadri in neutral zone.
5:00 of 1st period - Tyler Ennis is hit by Brendan Smith and loses puck.
5:14 of 1st period - Off-side.
5:15 of 1st period - Jonathan Toews wins face-off versus Aleksander Barkov in neutral zone.
5:50 of 1st period - Slapshot by Michael Del Zotto.
5:50 of 1st period - Stopped by Kevin Poulin without a rebound.
5:51 of 1st period - Kevin Hayes wins face-off versus Nazem Kadri in Bruins zone.
6:53 of 1st period - Snap shot by Casey Cizikas.
6:53 of 1st period - Stopped by Maxime Daigneault with a rebound.
7:03 of 1st period - Kevin Hayes is hit by Eric Tangradi.
7:09 of 1st period - Kevin Hayes is hit by Kristopher Letang and loses puck.
8:08 of 1st period - Snap shot by Jamie Arniel.
8:08 of 1st period - Shot Blocked by Zack Kassian.
8:26 of 1st period - Snap shot by Nazem Kadri.
8:26 of 1st period - Stopped by Kevin Poulin without a rebound.
8:27 of 1st period - Nazem Kadri wins face-off versus Kevin Hayes in Bruins zone.
8:28 of 1st period - Wrist shot by Tyler Ennis.
8:28 of 1st period - Stopped by Kevin Poulin with a rebound.
8:38 of 1st period - Wrist shot by Kevin Hayes.
8:38 of 1st period - Stopped by Maxime Daigneault without a rebound.
8:39 of 1st period - Kevin Hayes wins face-off versus Aleksander Barkov in Devils zone.
8:42 of 1st period - Slapshot by Victor Oreskovich.
8:42 of 1st period - Deflect By Kevin Hayes.
8:42 of 1st period - Shot Misses the Net.
8:42 of 1st period - Puck is out of play.
8:43 of 1st period - Victor Oreskovich wins face-off versus Aleksander Barkov in Devils zone.
8:48 of 1st period - Snap shot by Victor Oreskovich.
8:48 of 1st period - Shot Misses the Net.
8:52 of 1st period - Slapshot by Kevin Hayes.
8:52 of 1st period - Stopped by Maxime Daigneault without a rebound.
8:53 of 1st period - Aleksander Barkov wins face-off versus Wojtek Wolski in Devils zone.
9:08 of 1st period - Wrist shot by Aleksander Barkov.
9:08 of 1st period - Shot Misses the Net.
9:10 of 1st period - Wrist shot by Marian Gaborik.
9:10 of 1st period - Shot Blocked by Brendan Smith.
9:20 of 1st period - Mark Fistric is hit by Kevin Hayes.
9:36 of 1st period - Nazem Kadri is hit by Torey Krug and loses puck.
9:51 of 1st period - Snap shot by Jamie Arniel.
9:51 of 1st period - Stopped by Kevin Poulin without a rebound.
9:52 of 1st period - Jonathan Toews wins face-off versus Jamie Arniel in Bruins zone.
9:59 of 1st period - Wrist shot by Zack Kassian.
9:59 of 1st period - Shot Misses the Net.
10:01 of 1st period - Snap shot by Zack Kassian.
10:01 of 1st period - Stopped by Maxime Daigneault with a rebound.
10:03 of 1st period - Slapshot by Brendan Smith.
10:03 of 1st period - Stopped by Maxime Daigneault without a rebound.
10:04 of 1st period - Aleksander Barkov wins face-off versus Wojtek Wolski in Devils zone.
10:11 of 1st period - Snap shot by Jonathan Huberdeau.
10:11 of 1st period - Stopped by Kevin Poulin with a rebound.
10:13 of 1st period - Wrist shot by Marian Gaborik.
10:13 of 1st period - Stopped by Kevin Poulin with a rebound.
10:15 of 1st period - Slapshot by Kristopher Letang.
10:15 of 1st period - Stopped by Kevin Poulin with a rebound.
10:17 of 1st period - Snap shot by Jonathan Huberdeau.
10:17 of 1st period - Shot Hit the Post.
10:19 of 1st period - Slapshot by Kristopher Letang.
10:19 of 1st period - Shot Misses the Net.
10:21 of 1st period - Snap shot by Marian Gaborik.
10:21 of 1st period - Shot Blocked by Wojtek Wolski.
10:27 of 1st period - Minor Penalty to Zack Kassian for Cross-checking.
10:28 of 1st period - Wojtek Wolski wins face-off versus Nazem Kadri in Bruins zone.
10:28 of 1st period - Wojtek Wolski is hit by Marian Gaborik.
10:47 of 1st period - Icing by Anton Stralman.
10:48 of 1st period - Wojtek Wolski wins face-off versus Nazem Kadri in Devils zone.
10:54 of 1st period - Icing by Tyler Ennis.
10:55 of 1st period - Nazem Kadri wins face-off versus Wojtek Wolski in Devils zone.
11:30 of 1st period - Snap shot by Tyler Ennis.
11:30 of 1st period - Stopped by Kevin Poulin with a rebound.
11:32 of 1st period - Slapshot by Kristopher Letang.
11:32 of 1st period - Shot Misses the Net.
12:05 of 1st period - Wrist shot by Nazem Kadri.
12:05 of 1st period - Stopped by Kevin Poulin without a rebound.
12:06 of 1st period - Aleksander Barkov wins face-off versus Scott Hartnell in Bruins zone.
12:27 of 1st period - Penalty to Zack Kassian is over, Zack Kassian is back on ice.
12:55 of 1st period - Madison Bowey is hit by Anton Lander and loses puck.
13:08 of 1st period - Josh Manson is hit by Anton Lander and loses puck.
13:23 of 1st period - Matt Donovan is hit by Scott Hartnell and loses puck.
14:58 of 1st period - Wrist shot by Jonathan Huberdeau.
14:58 of 1st period - Shot Misses the Net.
15:16 of 1st period - Icing by Andrei Kostitsyn.
15:17 of 1st period - Tyler Ennis wins face-off versus Matt Read in Bruins zone.
15:26 of 1st period - Snap shot by Nazem Kadri.
15:26 of 1st period - Stopped by Kevin Poulin with a rebound.
15:34 of 1st period - Torey Krug is hit by Tyler Ennis and loses puck.
15:49 of 1st period - Snap shot by Victor Oreskovich.
15:49 of 1st period - Shot Misses the Net.
15:55 of 1st period - Slapshot by Kevin Hayes.
15:55 of 1st period - Shot Misses the Net.
16:17 of 1st period - Zack Kassian is hit by Zach Parise and loses puck.
17:00 of 1st period - Michael Del Zotto is hit by Kevin Hayes and loses puck.
17:07 of 1st period - Snap shot by Kevin Hayes.
17:07 of 1st period - Shot Misses the Net.
17:32 of 1st period - Snap shot by Anton Lander.
17:32 of 1st period - Stopped by Kevin Poulin without a rebound.
17:33 of 1st period - Kevin Hayes wins face-off versus Nazem Kadri in Bruins zone.
17:50 of 1st period - Snap shot by Tyler Ennis.
17:50 of 1st period - Shot Misses the Net.
18:00 of 1st period - Aleksander Barkov is hit by Matt Read and loses puck.
18:11 of 1st period - Snap shot by Matt Read.
18:11 of 1st period - Deflect By Andrei Kostitsyn.
18:11 of 1st period - Stopped by Maxime Daigneault without a rebound.
18:12 of 1st period - Tyler Ennis wins face-off versus Jonathan Toews in Devils zone.
19:58 of 1st period - Off-side.
19:59 of 1st period - Aleksander Barkov wins face-off versus Mikael Backlund in neutral zone.
Goals for this period are 1 for Devils vs 1 for Bruins.
Shots for this period are 16 for Devils vs 9 for Bruins.

2nd period


0:01 of 2nd period - Aleksander Barkov wins face-off versus Jonathan Toews in neutral zone.
1:04 of 2nd period - Scott Hartnell is hit by Michael Del Zotto and loses puck.
3:26 of 2nd period - Wrist shot by Kevin Hayes.
3:26 of 2nd period - Deflect By Victor Oreskovich.
3:26 of 2nd period - Stopped by Maxime Daigneault without a rebound.
3:27 of 2nd period - Casey Cizikas wins face-off versus Jamie Arniel in Devils zone.
3:28 of 2nd period - Snap shot by Matt Read.
3:28 of 2nd period - Stopped by Maxime Daigneault with a rebound.
3:30 of 2nd period - Snap shot by Andrei Kostitsyn.
3:30 of 2nd period - Goal by Andrei Kostitsyn - Devils : 1 - Bruins : 2.
3:31 of 2nd period - Nazem Kadri wins face-off versus Kevin Hayes in neutral zone.
3:36 of 2nd period - Wrist shot by Tyler Ennis.
3:36 of 2nd period - Stopped by Kevin Poulin with a rebound.
3:44 of 2nd period - Snap shot by Kevin Hayes.
3:44 of 2nd period - Stopped by Maxime Daigneault with a rebound.
3:56 of 2nd period - Snap shot by Matt Read.
3:56 of 2nd period - Stopped by Maxime Daigneault without a rebound.
3:57 of 2nd period - Casey Cizikas wins face-off versus Aleksander Barkov in Devils zone.
3:58 of 2nd period - Snap shot by Matt Read.
3:58 of 2nd period - Shot Misses the Net.
4:09 of 2nd period - Off-side.
4:10 of 2nd period - Jamie Arniel wins face-off versus Jonathan Toews in neutral zone.
5:11 of 2nd period - Backhand shot by Jonathan Huberdeau.
5:11 of 2nd period - Shot Misses the Net.
5:13 of 2nd period - Slapshot by Michael Del Zotto.
5:13 of 2nd period - Deflect By Marian Gaborik.
5:13 of 2nd period - Stopped by Kevin Poulin without a rebound.
5:14 of 2nd period - Nazem Kadri wins face-off versus Jonathan Toews in Bruins zone.
5:17 of 2nd period - Wrist shot by Tyler Ennis.
5:17 of 2nd period - Stopped by Kevin Poulin without a rebound.
5:18 of 2nd period - Jonathan Toews wins face-off versus Nazem Kadri in Bruins zone.
6:07 of 2nd period - Jamie Arniel is hit by Matt Read and loses puck.
6:34 of 2nd period - Slapshot by Jonathan Toews.
6:34 of 2nd period - Stopped by Maxime Daigneault with a rebound.
6:36 of 2nd period - Wrist shot by Zack Kassian.
6:36 of 2nd period - Deflect By Wojtek Wolski.
6:36 of 2nd period - Stopped by Maxime Daigneault without a rebound.
6:37 of 2nd period - Zack Kassian wins face-off versus Aleksander Barkov in Devils zone.
7:25 of 2nd period - Wrist shot by Wojtek Wolski.
7:25 of 2nd period - Stopped by Maxime Daigneault with a rebound.
7:27 of 2nd period - Backhand shot by Wojtek Wolski.
7:27 of 2nd period - Shot Blocked by Mark Fistric.
7:43 of 2nd period - Slapshot by Zack Kassian.
7:43 of 2nd period - Stopped by Maxime Daigneault with a rebound.
7:45 of 2nd period - Snap shot by Brendan Smith.
7:45 of 2nd period - Shot Misses the Net.
7:47 of 2nd period - Snap shot by Zack Kassian.
7:47 of 2nd period - Stopped by Maxime Daigneault without a rebound.
7:48 of 2nd period - Kevin Hayes wins face-off versus Nazem Kadri in Devils zone.
7:53 of 2nd period - Wrist shot by Scott Hartnell.
7:53 of 2nd period - Stopped by Maxime Daigneault with a rebound.
8:19 of 2nd period - Snap shot by Matt Read.
8:19 of 2nd period - Stopped by Maxime Daigneault with a rebound.
8:21 of 2nd period - Snap shot by Casey Cizikas.
8:21 of 2nd period - Deflect By Kristopher Letang.
8:21 of 2nd period - Stopped by Maxime Daigneault without a rebound.
8:22 of 2nd period - Nazem Kadri wins face-off versus Kevin Hayes in Devils zone.
9:16 of 2nd period - Wojtek Wolski is hit by Eric Tangradi and loses puck.
9:43 of 2nd period - Madison Bowey is hit by Mark Fistric and loses puck.
10:20 of 2nd period - Snap shot by Miikka Salomaki.
10:20 of 2nd period - Shot Blocked by Josh Manson.
10:30 of 2nd period - Wrist shot by Anton Lander.
10:30 of 2nd period - Shot Misses the Net.
10:46 of 2nd period - Anton Stralman is hit by Andrei Kostitsyn and loses puck.
10:59 of 2nd period - Slapshot by Aleksander Barkov.
10:59 of 2nd period - Stopped by Kevin Poulin without a rebound.
11:00 of 2nd period - Aleksander Barkov wins face-off versus Wojtek Wolski in Bruins zone.
11:26 of 2nd period - Snap shot by Kevin Hayes.
11:26 of 2nd period - Shot Misses the Net.
11:40 of 2nd period - Snap shot by Matt Read.
11:40 of 2nd period - Shot Blocked by Thomas Hickey.
11:42 of 2nd period - Wrist shot by Matt Read.
11:42 of 2nd period - Stopped by Maxime Daigneault with a rebound.
13:32 of 2nd period - Wrist shot by Zack Kassian.
13:32 of 2nd period - Deflect By Wojtek Wolski.
13:32 of 2nd period - Deflect By Jamie Arniel.
13:32 of 2nd period - Goal by Wojtek Wolski - Devils : 1 - Bruins : 3.
13:33 of 2nd period - Nazem Kadri wins face-off versus Kevin Hayes in neutral zone.
13:51 of 2nd period - Off-side.
13:52 of 2nd period - Jonathan Toews wins face-off versus Jamie Arniel in neutral zone.
14:07 of 2nd period - Snap shot by Jamie Arniel.
14:07 of 2nd period - Stopped by Kevin Poulin with a rebound.
14:19 of 2nd period - Scott Hartnell is hit by Tyler Ennis and loses puck.
14:26 of 2nd period - Wrist shot by Scott Hartnell.
14:26 of 2nd period - Shot Blocked by Michael Del Zotto.
14:46 of 2nd period - Slapshot by Kristopher Letang.
14:46 of 2nd period - Shot Blocked by Madison Bowey.
14:48 of 2nd period - Snap shot by Aleksander Barkov.
14:48 of 2nd period - Shot Blocked by Matt Read.
14:50 of 2nd period - Snap shot by Marian Gaborik.
14:50 of 2nd period - Stopped by Kevin Poulin without a rebound.
14:51 of 2nd period - Jamie Arniel wins face-off versus Jonathan Toews in Bruins zone.
14:54 of 2nd period - Wrist shot by Zach Parise.
14:54 of 2nd period - Stopped by Kevin Poulin without a rebound.
14:55 of 2nd period - Jamie Arniel wins face-off versus Jonathan Toews in Bruins zone.
15:04 of 2nd period - Slapshot by Jason Demers.
15:04 of 2nd period - Shot Blocked by Kristopher Letang.
15:40 of 2nd period - Anton Stralman is hit by Brendan Smith and loses puck.
16:09 of 2nd period - Wrist shot by Kristopher Letang.
16:09 of 2nd period - Stopped by Kevin Poulin without a rebound.
16:10 of 2nd period - Zack Kassian wins face-off versus Jamie Arniel in Bruins zone.
16:38 of 2nd period - Jonathan Huberdeau is hit by Torey Krug and loses puck.
17:03 of 2nd period - Snap shot by Miikka Salomaki.
17:03 of 2nd period - Shot Misses the Net.
17:05 of 2nd period - Wrist shot by Anton Lander.
17:05 of 2nd period - Stopped by Kevin Poulin with a rebound.
17:07 of 2nd period - Snap shot by Eric Tangradi.
17:07 of 2nd period - Stopped by Kevin Poulin without a rebound.
17:08 of 2nd period - Jamie Arniel wins face-off versus Casey Cizikas in Bruins zone.
17:13 of 2nd period - Wrist shot by Zach Parise.
17:13 of 2nd period - Stopped by Kevin Poulin with a rebound.
17:38 of 2nd period - Wrist shot by Scott Hartnell.
17:38 of 2nd period - Shot Blocked by Michael Del Zotto.
17:40 of 2nd period - Slapshot by Madison Bowey.
17:40 of 2nd period - Stopped by Maxime Daigneault without a rebound.
17:41 of 2nd period - Aleksander Barkov wins face-off versus Jonathan Toews in Devils zone.
17:43 of 2nd period - Minor Penalty to Anton Stralman for Roughing.
17:44 of 2nd period - Jonathan Toews wins face-off versus Jamie Arniel in Devils zone.
17:58 of 2nd period - Snap shot by Zack Kassian.
17:58 of 2nd period - Shot Misses the Net.
18:21 of 2nd period - Off-side.
18:22 of 2nd period - Anton Lander wins face-off versus Kevin Hayes in neutral zone.
18:31 of 2nd period - Wrist shot by Torey Krug.
18:31 of 2nd period - Stopped by Maxime Daigneault without a rebound.
18:32 of 2nd period - Jamie Arniel wins face-off versus Wojtek Wolski in Devils zone.
18:40 of 2nd period - Icing by Jonathan Toews.
18:41 of 2nd period - Jamie Arniel wins face-off versus Jonathan Toews in Bruins zone.
18:46 of 2nd period - Jamie Arniel is hit by Wojtek Wolski and loses puck.
19:17 of 2nd period - Wrist shot by Scott Hartnell.
19:17 of 2nd period - Shot Misses the Net.
19:43 of 2nd period - Penalty to Anton Stralman is over, Anton Stralman is back on ice.
Goals for this period are 0 for Devils vs 2 for Bruins.
Shots for this period are 11 for Devils vs 17 for Bruins.

3rd period


0:01 of 3rd period - Jonathan Toews wins face-off versus Tyler Ennis in neutral zone.
0:04 of 3rd period - Kristopher Letang is hit by Jonathan Toews and loses puck.
0:10 of 3rd period - Off-side.
0:11 of 3rd period - Nazem Kadri wins face-off versus Jonathan Toews in neutral zone.
0:18 of 3rd period - Jason Demers is hit by Nazem Kadri and loses puck.
0:23 of 3rd period - Snap shot by Nazem Kadri.
0:23 of 3rd period - Stopped by Kevin Poulin without a rebound.
0:24 of 3rd period - Jonathan Toews wins face-off versus Aleksander Barkov in Bruins zone.
0:51 of 3rd period - Jamie Arniel is hit by Scott Hartnell and loses puck.
1:12 of 3rd period - Snap shot by Nazem Kadri.
1:12 of 3rd period - Shot Blocked by Madison Bowey.
1:14 of 3rd period - Snap shot by Tyler Ennis.
1:14 of 3rd period - Stopped by Kevin Poulin with a rebound.
1:56 of 3rd period - Wrist shot by Victor Oreskovich.
1:56 of 3rd period - Stopped by Maxime Daigneault with a rebound.
1:58 of 3rd period - Snap shot by Scott Hartnell.
1:58 of 3rd period - Stopped by Maxime Daigneault with a rebound.
2:00 of 3rd period - Wrist shot by Scott Hartnell.
2:00 of 3rd period - Shot Misses the Net.
2:30 of 3rd period - Slapshot by Matt Donovan.
2:30 of 3rd period - Stopped by Kevin Poulin with a rebound.
2:32 of 3rd period - Wrist shot by Tyler Ennis.
2:32 of 3rd period - Shot Misses the Net.
2:34 of 3rd period - Backhand shot by Chris Stewart.
2:34 of 3rd period - Stopped by Kevin Poulin without a rebound.
2:35 of 3rd period - Nazem Kadri wins face-off versus Victor Oreskovich in Bruins zone.
5:11 of 3rd period - Off-side.
5:12 of 3rd period - Jonathan Toews wins face-off versus Aleksander Barkov in neutral zone.
5:17 of 3rd period - Snap shot by Zack Kassian.
5:17 of 3rd period - Deflect By Wojtek Wolski.
5:17 of 3rd period - Shot Blocked by Mark Fistric.
5:17 of 3rd period - Puck is out of play.
5:18 of 3rd period - Jonathan Toews wins face-off versus Aleksander Barkov in Devils zone.
5:25 of 3rd period - Snap shot by Zack Kassian.
5:25 of 3rd period - Shot Blocked by Michael Del Zotto.
5:49 of 3rd period - Wrist shot by Brendan Smith.
5:49 of 3rd period - Shot Misses the Net.
5:51 of 3rd period - Wrist shot by Matt Read.
5:51 of 3rd period - Stopped by Maxime Daigneault without a rebound.
5:52 of 3rd period - Casey Cizikas wins face-off versus Jamie Arniel in Devils zone.
6:43 of 3rd period - Snap shot by Andrei Kostitsyn.
6:43 of 3rd period - Shot Misses the Net.
6:45 of 3rd period - Backhand shot by Casey Cizikas.
6:45 of 3rd period - Stopped by Maxime Daigneault without a rebound.
6:46 of 3rd period - Jonathan Toews wins face-off versus Aleksander Barkov in Devils zone.
6:52 of 3rd period - Off-side.
6:53 of 3rd period - Jonathan Toews wins face-off versus Aleksander Barkov in neutral zone.
6:56 of 3rd period - Slapshot by Wojtek Wolski.
6:56 of 3rd period - Shot Blocked by Michael Del Zotto.
6:58 of 3rd period - Snap shot by Wojtek Wolski.
6:58 of 3rd period - Stopped by Maxime Daigneault without a rebound.
6:59 of 3rd period - Marian Gaborik wins face-off versus Jonathan Toews in Devils zone.
7:45 of 3rd period - Snap shot by Anton Lander.
7:45 of 3rd period - Shot Misses the Net.
7:47 of 3rd period - Slapshot by Anton Stralman.
7:47 of 3rd period - Shot Blocked by Jason Demers.
7:49 of 3rd period - Slapshot by Kristopher Letang.
7:49 of 3rd period - Shot Misses the Net.
8:03 of 3rd period - Off-side.
8:04 of 3rd period - Kevin Hayes wins face-off versus Nazem Kadri in neutral zone.
8:16 of 3rd period - Off-side.
8:17 of 3rd period - Aleksander Barkov wins face-off versus Jonathan Toews in neutral zone.
8:54 of 3rd period - Minor Penalty to Marian Gaborik for Roughing.
8:55 of 3rd period - Jamie Arniel wins face-off versus Jonathan Toews in Devils zone.
9:29 of 3rd period - Jamie Arniel is hit by Victor Oreskovich and loses puck.
10:54 of 3rd period - Penalty to Marian Gaborik is over, Marian Gaborik is back on ice.
11:00 of 3rd period - Jonathan Huberdeau is hit by Andrei Kostitsyn and loses puck.
12:04 of 3rd period - Off-side.
12:05 of 3rd period - Casey Cizikas wins face-off versus Anton Lander in neutral zone.
12:08 of 3rd period - Kristopher Letang is hit by Matt Read and loses puck.
12:31 of 3rd period - Marian Gaborik is hit by Brendan Smith and loses puck.
12:36 of 3rd period - Snap shot by Jonathan Toews.
12:36 of 3rd period - Shot Misses the Net.
12:38 of 3rd period - Wrist shot by Jonathan Toews.
12:38 of 3rd period - Shot Blocked by Aleksander Barkov.
13:12 of 3rd period - Snap shot by Tyler Ennis.
13:12 of 3rd period - Stopped by Kevin Poulin without a rebound.
13:13 of 3rd period - Jonathan Toews wins face-off versus Aleksander Barkov in Bruins zone.
13:20 of 3rd period - Snap shot by Jonathan Toews.
13:20 of 3rd period - Shot Blocked by Mark Fistric.
13:29 of 3rd period - Icing by Jason Demers.
13:30 of 3rd period - Jonathan Toews wins face-off versus Jamie Arniel in Bruins zone.
13:45 of 3rd period - Wrist shot by Zack Kassian.
13:45 of 3rd period - Stopped by Maxime Daigneault with a rebound.
13:47 of 3rd period - Snap shot by Zack Kassian.
13:47 of 3rd period - Deflect By Jonathan Toews.
13:47 of 3rd period - Stopped by Maxime Daigneault with a rebound.
13:49 of 3rd period - Snap shot by Jonathan Toews.
13:49 of 3rd period - Stopped by Maxime Daigneault without a rebound.
13:50 of 3rd period - Kevin Hayes wins face-off versus Aleksander Barkov in Devils zone.
14:12 of 3rd period - Icing by Anton Stralman.
14:13 of 3rd period - Jonathan Toews wins face-off versus Jamie Arniel in Devils zone.
14:22 of 3rd period - Jason Demers is hit by Anton Stralman and loses puck.
14:27 of 3rd period - Snap shot by Brian McGrattan.
14:27 of 3rd period - Shot Misses the Net.
14:29 of 3rd period - Slapshot by Kristopher Letang.
14:29 of 3rd period - Deflect By Zach Parise.
14:29 of 3rd period - Goal by Zach Parise - Devils : 2 - Bruins : 3.
14:30 of 3rd period - Jonathan Toews wins face-off versus Aleksander Barkov in neutral zone.
14:42 of 3rd period - Wrist shot by Jonathan Huberdeau.
14:42 of 3rd period - Stopped by Kevin Poulin without a rebound.
14:43 of 3rd period - Jonathan Toews wins face-off versus Jamie Arniel in Bruins zone.
15:06 of 3rd period - Minor Penalty to Zach Parise for Interference.
15:07 of 3rd period - Jonathan Toews wins face-off versus Jamie Arniel in Devils zone.
15:28 of 3rd period - Jamie Arniel is hit by Jason Demers and loses puck.
15:57 of 3rd period - Slapshot by Kevin Hayes.
15:57 of 3rd period - Deflect By Michael Del Zotto.
15:57 of 3rd period - Stopped by Maxime Daigneault with a rebound.
15:59 of 3rd period - Wrist shot by Kevin Hayes.
15:59 of 3rd period - Shot Misses the Net.
16:45 of 3rd period - Wojtek Wolski is hit by Jamie Arniel and loses puck.
17:06 of 3rd period - Penalty to Zach Parise is over, Zach Parise is back on ice.
17:51 of 3rd period - Marian Gaborik is hit by Andrei Kostitsyn and loses puck.
18:57 of 3rd period - Mark Fistric is hit by Wojtek Wolski and loses puck.
19:04 of 3rd period - Snap shot by Zack Kassian.
19:04 of 3rd period - Shot Blocked by Mark Fistric.
19:24 of 3rd period - Snap shot by Jonathan Toews.
19:24 of 3rd period - Stopped by Maxime Daigneault with a rebound.
19:26 of 3rd period - Snap shot by Wojtek Wolski.
19:26 of 3rd period - Deflect By Jonathan Toews.
19:26 of 3rd period - Shot Blocked by Michael Del Zotto.
19:26 of 3rd period - Puck is out of play.
19:27 of 3rd period - Dave Tippett call a timeout for Devils.
19:27 of 3rd period - Jonathan Toews wins face-off versus Nazem Kadri in Devils zone.
19:38 of 3rd period - Slapshot by Wojtek Wolski.
19:38 of 3rd period - Stopped by Maxime Daigneault with a rebound.
19:40 of 3rd period - Slapshot by Josh Manson.
19:40 of 3rd period - Shot Misses the Net.
19:42 of 3rd period - Wrist shot by Zack Kassian.
19:42 of 3rd period - Shot Blocked by Michael Del Zotto.
19:44 of 3rd period - Slapshot by Josh Manson.
19:44 of 3rd period - Deflect By Tyler Ennis.
19:44 of 3rd period - Stopped by Maxime Daigneault without a rebound.
19:45 of 3rd period - Jonathan Toews wins face-off versus Nazem Kadri in Devils zone.
19:54 of 3rd period - Slapshot by Wojtek Wolski.
19:54 of 3rd period - Shot Misses the Net.
19:56 of 3rd period - Snap shot by Jonathan Toews.
19:56 of 3rd period - Shot Blocked by Kristopher Letang.
19:58 of 3rd period - Wrist shot by Wojtek Wolski.
19:58 of 3rd period - Stopped by Maxime Daigneault without a rebound.
19:59 of 3rd period - Jonathan Toews wins face-off versus Nazem Kadri in Devils zone.
Goals for this period are 1 for Devils vs 0 for Bruins.
Shots for this period are 7 for Devils vs 13 for Bruins.